 Dungeon Sprint DCSS version 0.31.0-7-gf635a9b802 (webtiles) character file.

Game seed: 11830725689976308308

5 Skitler the Poker (level 1, -2/16 HPs)
             Began as a Demonspawn Gladiator on Jan 24, 2024.
             Slain by a hound (5 damage)
             ... in the Dungeon (Sprint IX: "|||||||||||||||||||||||||||||").
             The game lasted 00:00:15 (57 turns).

Skitler the Poker (Demonspawn Gladiator)              Turns: 57, Time: 00:00:15

Health: -2/16      AC:  4    Str: 14    XL:     1   Next: 66%
Magic:  1/1        EV: 12    Int:  8    God:
Gold:   0          SH:  0    Dex: 14    Spells: 0/0 levels left

rFire   . . .        a - +0 trident
rCold   . . .        (no shield)
rNeg    . . .        b - +0 leather armour
rPois   .            c - +0 helmet
rElec   .            (no cloak)
rCorr   .            (no gloves)
SInv    .            (no boots)
Will    .....        (no amulet)
Stlth   +            (no ring)
HPRegen 0.22/turn    (no ring)
MPRegen 0.07/turn

%: no teleportation
@: no status effects
A: no striking features
a: no special abilities


You were in the Dungeon.
You visited 1 branch

Inventory:

Hand Weapons
 a - a +0 trident (weapon)
Missiles
 d - a throwing net (quivered)
 e - a javelin
Armour
 b - a +0 leather armour (worn)
 c - a +0 helmet (worn)
Scrolls
 k - a scroll of blinking
Potions
 f - a potion of curing
 g - a potion of heal wounds
 h - a potion of haste
 i - 2 potions of magic
 j - a potion of berserk rage


   Skills:
 + Level 2.0 Fighting
 + Level 3.4 Polearms
 + Level 1.8 Throwing
 + Level 3.4 Dodging


You couldn't memorise any spells.
You didn't know any spells.
Your spell library was empty.

Dungeon Overview and Level Annotations

Branches:
Dungeon (1/1)

Altars:


Message History

The hound struggles against the net. x2
The net rips apart, and the hound comes free!
You hit the hound.
The hound is severely wounded.
The hound bites you. x2
You hit the hound but do no damage.
The hound is severely wounded.
The hound closely misses you.
You barely miss the hound.
The hound is severely wounded.
The hound bites you. The hound bites you but does no damage.
Unknown command.
Throw: 2 throwing nets
Press: ? - help, Q - select action, (/) - cycle Shift-Dir - straight line, f/p - hound
Aim: a hound (severely wounded, 43% to hit)
You throw a throwing net.
The throwing net closely misses the hound.
The throwing net barely misses the ufetubus.
The throwing net closely misses the ice beast.
The throwing net hits the orc.
The orc is caught in the net!
The hound bites you but does no damage.
The orc struggles against the net.
You barely miss the hound.
The hound is severely wounded.
The hound bites you.
* * * LOW HITPOINT WARNING * * *
The hound closely misses you.
The orc struggles against the net.
You closely miss the hound.
The hound is severely wounded.
The hound bites you but does no damage.
The orc struggles against the net.
The hound barely misses you.
You barely miss the hound.
The hound is heavily wounded.
The hound bites you.
* * * LOW HITPOINT WARNING * * *
The orc struggles against the net.
You closely miss the hound.
The hound is heavily wounded.
The hound bites you but does no damage.
The orc struggles against the net.
The hound bites you.
You die... ▓▓▓▓▓▓▓▓▓▓▓▓▓▓▓▓▓▓ ▓<...)....@hY5oh.+ ▓▓▓▓▓▓▓▓▓▓▓▓▓▓▓▓▓▓

You could see an ice beast, 2 hounds, an ufetubus and an orc (caught).

Vanquished Creatures
  An endoplasm (D)
  A giant cockroach (D)
  A goblin (D)
  A frilled lizard (D)
  A kobold (D)
5 creatures vanquished.

Notes
Turn   | Place    | Note
-------+----------+-------------------------------------------
     0 | D        | Skitler the Demonspawn Gladiator began the quest for the
                  | Orb.
     0 | D        | Reached XP level 1. HP: 16/16 MP: 1/1
    41 | D        | Noticed a hound
    41 | D        | Noticed an ice beast
    41 | D        | Noticed a hound
    57 | D        | Slain by a hound

Illustrated notes

Levels and vault maps discovered:
D:        linesprint [early_d, line_temple, items_1, d_10, items_2, lair_1,
          lair_end, items_3, orc_1, orc_end, items_4, d_15, swamp_1, shoals_1,
          snake_1, spider_1, d_20, vaults_1, items_5, swamp_end, shoals_end,
          snake_end, spider_end, vaults_end, d_27, items_6, zot_1, zot_end,
          crypt_end, forest_end, elf_end, slime_end, tomb_end, abyss_end,
          pan_hell_end]

Skill      XL: |  1 |
---------------+----+-----
Dodging        | 3 |  3.4
Polearms       | 3 |  3.4
Fighting       | |  2.0
Throwing       | |  1.8

Action                     || total
---------------------------++-------
  Melee: Trident           ||    28
  Throw: Throwing net      ||     2
 Armour: Leather armour    ||    22
  Dodge: Dodged            ||    14
